 Dungeon Crawl Stone Soup version 0.15.2 (webtiles) character file.

84 JackS81 the Poker (level 4, -4/34 HPs)
             Began as a Merfolk Death Knight on Aug 19, 2017.
             Was a Believer of Yredelemnul.
             Killed by divine providence
             ... invoked by an orc priest
              (10 damage)
             ... on Level 4 of the Dungeon.
             The game lasted 00:10:03 (2643 turns).

JackS81 the Poker (Merfolk Death Knight)            Turns: 2643, Time: 00:10:03

HP  -4/34        AC  3     Str 14      XL: 4   Next: 45%
MP  15/15        EV 11     Int 10      God: Yredelemnul [**....]
Gold 167         SH  0     Dex 13      Spells:  0 memorised,  3 levels left

rFire  . . .     SeeInvis .     a - +1 spear
rCold  . . .     Clarity  .     b - +0 leather armour
rNeg   . . .     rCorr    .     (no shield)
rPois  .         rRot     .     k - +0 hat
rElec  .         Spirit   .     (no cloak)
SustAb .         Warding  .     (no gloves)
rMut   .         Stasis   .     (no boots)
Gourm  .                        (no amulet)
MR     .....                    (no ring)
                                n - ring of magical power

@: not resistant to hostile enchantments, very unstealthy
A: change form in water, swift swim
a: Animate Remains, Recall Undead Slaves, Injury Mirror, Renounce Religion


You were on level 4 of the Dungeon.
You worshipped Yredelemnul.
Yredelemnul was pleased with you.
You were not hungry.

You visited 1 branch of the dungeon, and saw 4 of its levels.

You collected 167 gold pieces.

Inventory:

Hand weapons
 a - a +1 spear (weapon)
 y - a +1 dagger of draining
Missiles
 h - 55 arrows
 o - 23 stones (quivered)
 z - 33 bolts
 A - 13 bolts of flame
 B - 13 poisoned needles
 D - 5 tomahawks
 F - 5 needles of confusion
Armour
 b - a +0 leather armour (worn)
 k - a +0 hat (worn)
Comestibles
 c - 2 bread rations
 s - 2 meat rations
 w - a beef jerky
 C - a chunk of giant newt flesh
Scrolls
 d - 2 scrolls of identify {unknown}
 e - a scroll of noise {unknown}
 g - 2 scrolls of remove curse {unknown}
 i - 2 scrolls of magic mapping {unknown}
 l - a scroll of recharging {unknown}
 p - a scroll of enchant armour {unknown}
 q - a scroll of amnesia {unknown}
 t - a scroll of fog {unknown}
 u - a scroll of fear {unknown}
Jewellery
 n - a ring of magical power (left hand)
Potions
 f - 2 potions of lignification {unknown}
 j - a potion of curing {unknown}
 m - a potion of brilliance {unknown}
 r - a potion of porridge
 v - a potion of cancellation {unknown}
 x - a potion of magic {unknown}


   Skills:
 + Level 2.9 Fighting
 * Level 6.0 Polearms
 - Level 0.6 Armour
 - Level 1.3 Dodging
 - Level 3.0 Invocations


You had 3 spell levels left.
You didn't know any spells.

Dungeon Overview and Level Annotations

Branches:
Dungeon (4/15)
 Temple: D:4-7

Altars:
Kikubaaqudgha
Nemelex Xobeh


Message History

What level of the Dungeon? (default 1, ? - help)
You swap places.
You swap places.
There is an open door here.
There is a stone staircase leading down here.
You climb downwards.
Your mindless thrall stays behind.
There is a stone staircase leading up here.
An orc priest comes into view. It is wielding a club.
The orc priest calls down the wrath of Beogh upon you.
Something smites you!
Found a stone staircase leading up.
There is a stone staircase leading up here.
The orc priest invokes the aid of Beogh against you.
Something smites you!
* * * LOW HITPOINT WARNING * * *
You can't go down here!
The orc priest invokes the aid of Beogh against you.
Something smites you!
You die...
Your body rises from the dead as a mindless zombie.

. ...
..... ...#
#..#
#..#######
#...o...@#
#....#####
......###
###...
###. #. #.
#o <


You could see an orc priest.

Vanquished Creatures
  2 adders (D:3)
  A worm (D:2)
  An orc (D:3)
  A ball python (D:2)
  3 goblins
  2 hobgoblins
  5 jackals
  7 bats
  A giant gecko (D:2)
  11 giant newts
  3 kobolds (D:1)
  2 quokkas (D:2)
  12 rats
51 creatures vanquished.

Vanquished Creatures (collateral kills)
  An adder (D:3)
  A giant gecko (D:1)
  2 giant cockroaches
  A hobgoblin (D:3)
  A jackal (D:1)
  A quokka (D:3)
  2 rats
9 creatures vanquished.

Vanquished Creatures (others)
  A bat zombie (D:1)
  A jackal zombie (D:3)
  A rat zombie (D:2)
3 creatures vanquished.

Grand Total: 63 creatures vanquished

Notes
Turn   | Place    | Note
--------------------------------------------------------------
     0 | D:1      | JackS81, the Merfolk Death Knight, began the quest for the Orb.
     0 | D:1      | Reached XP level 1. HP: 16/16 MP: 2/2
   181 | D:1      | Reached skill level 4 in Polearms
   181 | D:1      | Reached XP level 2. HP: 19/22 MP: 1/3
   870 | D:2      | Reached XP level 3. HP: 27/27 MP: 5/5
   871 | D:2      | Reached skill level 5 in Polearms
  1035 | D:2      | Acquired Yredelemnul's second power
  1665 | D:3      | Found a sparkling altar of Nemelex Xobeh.
  1726 | D:3      | Reached XP level 4. HP: 34/34 MP: 6/6
  1816 | D:3      | Found an ancient bone altar of Kikubaaqudgha.
  2151 | D:3      | Reached skill level 6 in Polearms
  2643 | D:4      | Killed from afar by an orc priest

Action                   |  1- 3 |  4- 6 || total
-------------------------+-------+-------++-------
Melee: Spear             |   165 |    39 ||   204
Invok: Animate Remains   |     8 |     2 ||    10
 Stab: Distracted        |       |     1 ||     1
  Eat: Chunk             |     3 |     3 ||     6
